 Dungeon Crawl Stone Soup version 0.23.1 (webtiles) character file.

Game seed: 2635300224249362410

4723 Borgoz the Ducker (level 10, -4/83 HPs)
             Began as a Ghoul Monk on Mar 18, 2019.
             Was a Believer of Ashenzari.
             Slain by an orc knight
             ... wielding a +0 halberd
              (15 damage)
             ... in a bailey.
             The game lasted 00:18:13 (6877 turns).

Borgoz the Ducker (Ghoul Monk)                      Turns: 6877, Time: 00:18:13

Health: -4/83      AC:  7    Str: 21    XL:     10   Next: 45%
Magic:  0/14       EV: 23    Int:  5    God:    Ashenzari [**....]
Gold:   400        SH:  0    Dex: 29    Spells: 16/16 levels left

rFire    . . .     SeeInvis .   b - +2 dagger (venom)
rCold    + . .     Gourm    .   (no shield)
rNeg     + + +     Faith    .   w - +0 ring mail
rPois    ∞         Spirit   +   x - +0 helmet
rElec    .         Reflect  .   Q - scarf {repulsion}
rCorr    .         Harm     .   (no gloves)
MR       .....                  (no boots)
Stlth    ++++......             n - amulet of guardian spirit
HPRegen  0.00/turn              t - +6 ring of dexterity
MPRegen  0.14/turn              y - +4 ring of dexterity

@: mighty, agile, rotting, repel missiles
A: rotting body, claws 1, carnivore, cold resistance 1, negative energy
resistance 3, inhibited regeneration, torment resistance, unbreathing
a: Curse Item, Scrying, Renounce Religion


You were in a bailey.
You worshipped Ashenzari.
Ashenzari was pleased with you.
You were not hungry.

You visited 2 branches of the dungeon, and saw 10 of its levels.
You also visited: Bailey.

You collected 400 gold pieces.

Inventory:

Hand Weapons
 a - a +2 short sword of electrocution
 b - a +2 dagger of venom (weapon)
 A - a +2 short sword of draining
 H - a +0 rapier
Missiles
 h - 8 tomahawks of dispersal
 p - 10 tomahawks (quivered)
 C - 6 javelins
Armour
 w - a +0 ring mail (worn)
 x - a +0 helmet (worn)
 L - the +2 robe "Hiumunuo" {*Contam Regen+ rCorr Dex+4}
   (You found it on level 6 of the Dungeon)

   It affects your dexterity (+4).
   It causes magical contamination when unequipped.
   It increases your rate of regeneration.
   It provides partial protection from all sources of acid and corrosion.
 N - a +2 leather armour of magic resistance
 Q - a scarf of repulsion (worn)
 R - a +0 crystal plate armour
Jewellery
 n - an amulet of guardian spirit (around neck)
 t - a +6 ring of dexterity (left claw)
 y - a +4 ring of dexterity (right claw)
 E - a +2 ring of intelligence
 F - an uncursed ring of ice
 P - an uncursed ring of resist corrosion
Wands
 e - a wand of disintegration (11)
 g - a wand of scattershot (3)
 M - a wand of flame (27)
Scrolls
 i - 3 scrolls of remove curse
 j - a scroll of blinking {unknown}
 l - a scroll of random uselessness {unknown}
 o - 2 scrolls of immolation {unknown}
 q - 2 scrolls of enchant armour {unknown}
 s - 6 scrolls of amnesia {unknown}
 B - 3 scrolls of magic mapping {unknown}
 D - 2 scrolls of enchant weapon {unknown}
 G - a scroll of summoning {unknown}
 I - a scroll of fog
 K - 3 scrolls of teleportation
 O - a scroll of noise {unknown}
Potions
 d - a potion of flight
 k - a potion of resistance
 m - a potion of berserk rage
 r - a potion of lignification
 u - a potion of agility
 v - a potion of degeneration
 J - a potion of brilliance
Comestibles
 c - 14 rations


   Skills:
 + Level 6.2 Fighting
 * Level 6.7 Short Blades
 + Level 4.0 Throwing
 * Level 6.0 Armour
 * Level 6.7 Dodging
 + Level 6.0 Stealth
 + Level 3.7 Spellcasting


You had 16 spell levels left.
You didn't know any spells.
Your spell library was empty.

Dungeon Overview and Level Annotations

Branches:
Dungeon (9/15)             Temple (1/1) D:7
   Lair: D:8-11         Orc: D:9-12

Altars:
Ashenzari
Cheibriados
Dithmenos
Elyvilon
Fedhas
Gozag
Hepliaklqana
Kikubaaqudgha
Makhleb
Okawaru
Qazlal
Ru
Sif Muna
Uskayaw
Vehumet
Wu Jian
Yredelemnul
Zin
The Shining One

Shops:
D:9 %[


Innate Abilities, Weirdness & Mutations

Your body is rotting away.
You thrive on raw meat.
You are immune to poison.
You have sharp fingernails.
You are carnivorous and can eat meat at any time.
Your flesh is cold resistant. (rC+)
You are immune to negative energy. (rN+++)
You do not regenerate when monsters are visible.
You are immune to unholy pain and torment.
You can survive without breathing.


Message History

* * * LOW HITPOINT WARNING * * *
The orc warrior completely misses you.
You hit the orc knight.
The orc knight is poisoned.
The orc knight is lightly wounded.
You hit the orc knight.
The orc knight looks as sick as possible!
The orc knight is lightly wounded.
The orc knight hits you with a +0 halberd.
* * * LOW HITPOINT WARNING * * *
The orc warrior misses you.
Unknown command.
You feel better.
The orc knight hits you with a +0 halberd!
* * * LOW HITPOINT WARNING * * *
The orc warrior hits you but does no damage.
You closely miss the orc knight.
The orc knight is lightly wounded.
Okay, then.
The orc knight hits you with a +0 halberd!
You die...

........((##.......##.
,,
....((...##..#'#'#..##
, ,
........(#..##.#.##..#
.....(((##)#########.#
,
......(.##.')#[..#.'.#
,
....(..(##.###._.###.#
, ,
.......(##.()#..o#)'.#
, ,
........##(####o####)#*
, ,
......(.##..##∩.@##(.#,
.........(..##'''#..##
, ............##....)##
, ,
..≈≈≈≈≈....(##....## ,
≈≈ .≈≈#.#≈≈....#######,
* * .≈##.o#≈.........
,,, ≈
.≈..^..≈..........,,, ,
, , ,
.≈##.##≈........... ,,≈
.≈≈#.#≈≈............ *
≈


You could see an orc knight.

Vanquished Creatures
  A two-headed ogre (D:8)
  Grinder (D:5)
  2 hippogriffs (D:8)
  2 humans (D:8)
  Menkaure (D:5)
  Edmund (D:5)
  A water moccasin (D:7)
  8 orc warriors
  A hornet zombie (D:9)
  An ogre (D:8)
  2 centaurs
  A crocodile (D:7)
  4 bullfrogs
  5 scorpions
  3 crimson imps
  A bullfrog zombie (D:7)
  A bullfrog skeleton (D:8)
  4 orc priests
  A centaur skeleton (D:8)
  3 hounds
  13 orc wizards
  2 iguanas
  5 worker ants
  A hound skeleton (D:5)
  3 gnolls (D:3)
  10 adders
  A shadow imp (D:5)
  An ooze (D:4)
  An adder skeleton (D:7)
  An adder zombie (D:5)
  A worm (D:3)
  2 dart slugs (D:1)
  4 leopard geckos
  61 orcs
  A ball python (D:3)
  2 giant cockroaches
  6 goblins
  7 hobgoblins
  15 jackals
  3 quokkas
  7 bats
  3 frilled lizards (D:1)
  A jackal zombie (D:6)
  7 kobolds
  8 rats
210 creatures vanquished.

Notes
Turn   | Place    | Note
-------+----------+-------------------------------------------
     0 | D:1      | Borgoz the Ghoul Monk began the quest for the Orb.
     0 | D:1      | Reached XP level 1. HP: 19/19 MP: 0/0
   154 | D:1      | Reached XP level 2. HP: 26/26 MP: 1/1
   300 | D:1      | You fall through a shaft!
   325 | D:2      | Reached XP level 3. HP: 21/30 MP: 2/2
   518 | D:2      | Reached skill level 1 in Armour
   587 | D:2      | Reached XP level 4. HP: 32/39 MP: 3/3
  1019 | D:3      | Found a shadowy altar of Dithmenos.
  1160 | D:3      | Reached XP level 5. HP: 32/46 MP: 4/4
  1456 | D:4      | Reached skill level 1 in Throwing
  1523 | D:4      | Reached skill level 1 in Spellcasting
  1523 | D:4      | Reached XP level 6. HP: 38/52 MP: 6/6
  1698 | D:4      | Found a glowing golden altar of the Shining One.
  1709 | D:4      | Found a blossoming altar of Fedhas.
  1709 | D:4      | Found an ornate altar of the Wu Jian Council.
  1709 | D:4      | Found a glowing silver altar of Zin.
  1709 | D:4      | Found a white marble altar of Elyvilon.
  2550 | D:5      | Entered Level 5 of the Dungeon
  2596 | D:5      | Reached XP level 7. HP: 55/59 MP: 5/7
  2887 | D:5      | Noticed Grinder
  2912 | D:5      | Killed Grinder
  2912 | D:5      | Reached XP level 8. HP: 60/67 MP: 9/9
  2953 | D:5      | Noticed Menkaure
  2956 | D:5      | Noticed Edmund
  2966 | D:5      | Killed Menkaure
  2986 | D:5      | Killed Edmund
  3629 | D:6      | Found a sacrificial altar of Ru.
  4051 | D:6      | Got a shimmering robe
  4270 | D:7      | Reached skill level 5 in Short Blades
  4270 | D:7      | Reached skill level 5 in Dodging
  4295 | D:7      | Found a shattered altar of Ashenzari.
  4345 | D:7      | Became a worshipper of Ashenzari the Shackled
  4345 | D:7      | Reached * piety under Ashenzari
  4345 | D:7      | Reached ** piety under Ashenzari
  4373 | D:7      | Reached skill level 5 in Fighting
  4457 | D:7      | Reached XP level 9. HP: 51/74 MP: 8/11
  4507 | D:7      | Found a staircase to the Ecumenical Temple.
  4535 | Temple   | Entered the Ecumenical Temple
  5250 | D:8      | Reached skill level 5 in Stealth
  5424 | D:8      | Reached skill level 5 in Armour
  5530 | D:8      | Found an iron altar of Okawaru.
  5560 | D:8      | Noticed a two-headed ogre
  5575 | D:8      | Killed a two-headed ogre
  5575 | D:8      | Reached XP level 10. HP: 45/83 MP: 7/14
  5862 | D:8      | Found a hide-covered altar of Uskayaw.
  6095 | D:9      | Found Raesuowk's Food Boutique.
  6335 | D:9      | Found a flagged portal.
  6400 | D:9      | Found Fasu's Armour Shoppe.
  6451 | Bailey   | Entered a bailey
  6807 | Bailey   | Found a roughly hewn altar of Beogh.
  6807 | Bailey   | Noticed an orc knight
  6867 | Bailey   | Identified the cursed +3 hunting sling of Upsuewnaciq
                  | {flame, rF- MR+ Str+4 Int+8}
  6877 | Bailey   | Slain by an orc knight

Skill      XL: |  1  2  3  4  5  6  7  8  9 10 |
---------------+-------------------------------+-----
Short Blades   | 3 4 5 6 |  6.7
Dodging        | 3 4 5 6 |  6.7
Armour         | 1 2 3 4 5 6 |  6.0
Throwing       | 1 2 3 4 |  4.0
Fighting       | 4 5 6 |  6.2
Spellcasting   | 1 2 3 |  3.7
Stealth        | 3 4 5 6 |  6.0

Action                   |  1- 3 |  4- 6 |  7- 9 | 10-12 || total
-------------------------+-------+-------+-------+-------++-------
Melee: Short sword       |    74 |   159 |   329 |   109 ||   671
       Dagger            |       |       |       |    18 ||    18
Throw: Tomahawk          |       |       |       |     2 ||     2
Evoke: Wand              |       |       |       |     2 ||     2
  Use: Scroll            |       |       |     9 |     1 ||    10
       Potion            |       |       |     5 |     4 ||     9
 Stab: Sleeping          |     2 |     7 |     9 |     3 ||    21
       Distracted        |       |       |     1 |       ||     1
  Eat: Chunk             |     8 |    15 |    30 |    27 ||    80
Armor: Robe              |    23 |       |       |       ||    23
       Leather armour    |       |    21 |       |       ||    21
       Ring mail         |       |    15 |   102 |    20 ||   137
Dodge: Dodged            |    55 |    90 |   243 |   135 ||   523
       Deflected         |       |       |       |    32 ||    32
